 Dungeon Sprint DCSS version 0.19-a0-1889-g9c603be (webtiles) character file.

31 poirepourri the Sneak (level 3, -1/16 HPs)
             Began as a Spriggan Enchanter on Oct 17, 2016.
             Slain by a human (8 damage)
             ... in the Dungeon (Sprint III: "The Ten Rune Challenge").
             The game lasted 00:00:38 (216 turns).

poirepourri the Sneak (Spriggan Enchanter)           Turns: 216, Time: 00:00:39

Health: -1/16      AC:  3    Str:  4    XL:     3   Next: 7%
Magic:  0/9        EV: 19    Int: 16    God:
Gold:   0          SH:  0    Dex: 17    Spells: 4 memorised, 1 level left

rFire  . . .     SeeInvis +     a - +1 dagger
rCold  . . .     Gourm    .     b - +1 robe
rNeg   . . .     Faith    .     (shield restricted)
rPois  .         Spirit   .     (helmet restricted)
rElec  .         Reflect  .     (no cloak)
rCorr  .         Harm     .     (gloves unavailable)
MR     .....     NoTele   +     (boots unavailable)
Stlth  ++++......               (no amulet)
                                (no ring)
                                (no ring)

@: very quick
A: unfitting armour, see invisible, herbivore 3, speed 3, slow metabolism 2
a: no special abilities


You were in the Dungeon.
You were not hungry.

You visited 1 branch

Inventory:

Hand Weapons
 a - a +1 dagger (weapon)
Armour
 b - a +1 robe (worn)
Scrolls
 j - a scroll of blinking
Potions
 e - a potion of curing
 f - a potion of heal wounds
 g - a potion of haste
 h - 2 potions of magic
Books
 c - a book of Maledictions

   Spells                             Type                      Level
   a - Corona                         Hexes                        1
   b - Ensorcelled Hibernation        Hexes/Ice                    2
   c - Confuse                        Hexes                        3
   d - Tukima's Dance                 Hexes                        3
   e - Dazzling Spray                 Conjuration/Hexes            3
Comestibles
 d - a bread ration


   Skills:
 + Level 0.1 Fighting
 + Level 1.3 Short Blades
 + Level 4.2 Dodging
 + Level 6.8 Stealth
 + Level 4.3 Spellcasting
 + Level 5.5 Hexes


You had one spell level left.
You knew the following spells:

 Your Spells              Type           Power        Failure   Level  Hunger
a - Corona                Hex            ###....      1%          1    None
b - Ensorcelled Hibernat  Hex/Ice        ##....       10%         2    ##.....
c - Confuse               Hex            ###.....     6%          3    ###....
d - Tukima's Dance        Hex            ###.....     6%          3    ###....


Dungeon Overview and Level Annotations

Branches:
Dungeon (1/1)

Altars:


Innate Abilities, Weirdness & Mutations

You are very small and have problems with some larger weapons.
You are too small for most types of armour.
You have supernaturally acute eyesight. (SInv)
You are a herbivore.
You cover ground extremely quickly.
You need consume almost no food.


Message History

Casting: Confuse
Confirm with . or Enter, or press ? or * to list all spells.
You don't have enough magic to cast that spell.
Unknown command.
Casting: Confuse
Confirm with . or Enter, or press ? or * to list all spells.
You don't have enough magic to cast that spell.
Unknown command.
Casting: Confuse
Confirm with . or Enter, or press ? or * to list all spells.
Aiming: Confuse
Press: ? - help, Shift-Dir - straight line, f/p - human
Aim: a human (almost dead, chance to defeat MR: 50%)
The human resists with significant effort.
The human misses you.
You hit the human but do no damage.
The human is almost dead.
The human hits you!
Ouch! That really hurt!
You die...

▓..†..#....≈. ♣.
▓.....#...≈≈♣♣♣.. #
▓....%#..≈≈≈≈..♣ .+
▓####'#..≈≈≈≈≈≈♣♣.#
▓(..†.#.≈≈≈≈≈≈....#
▓...).#.≈≈≈≈≈.....#
▓.....#.≈≈≈.......#
▓'#####...........#
▓...@p............#
▓▓▓▓▓▓▓▓▓▓▓▓▓▓▓▓▓▓▓


You could see a human.

Vanquished Creatures
  Jessica (D)
  An ooze (D)
  2 rats (D)
4 creatures vanquished.

Vanquished Creatures (others)
  A draconian scorcher (D)
  6 hellions (D)
7 creatures vanquished.

Grand Total: 11 creatures vanquished

Notes
Turn   | Place    | Note
-------+----------+-------------------------------------------
     0 | D        | poirepourri the Spriggan Enchanter began the quest for the Orb.
     0 | D        | Reached XP level 1. HP: 9/9 MP: 5/5
    19 | D        | Reached skill level 5 in Stealth
    97 | D        | Killed a hellion
    98 | D        | Killed a hellion
    98 | D        | Killed a hellion
    98 | D        | Killed a hellion
    99 | D        | Killed a hellion
    99 | D        | Killed a hellion
   111 | D        | Noticed Jessica
   117 | D        | Killed Jessica
   117 | D        | Reached skill level 6 in Stealth
   117 | D        | Reached skill level 5 in Hexes
   117 | D        | Reached XP level 2. HP: 13/13 MP: 5/8
   117 | D        | Reached XP level 3. HP: 16/16 MP: 5/9
   162 | D        | Learned a level 2 spell: Ensorcelled Hibernation
   165 | D        | Killed a white draconian scorcher
   166 | D        | Learned a level 3 spell: Confuse
   170 | D        | Learned a level 3 spell: Tukima's Dance
   216 | D        | Slain by a human

Vault maps used:
D:        dungeon_sprint_mu

Skill      XL: |  1 |
---------------+----+-----
Stealth        | 6 |  6.8
Spellcasting   | 4 |  4.3
Hexes          | 5 |  5.5
Dodging        | 4 |  4.2
Fighting       | |  0.1
Short Blades   | |  1.3

Action                   || total
-------------------------++-------
Melee: Dagger            ||    25
 Cast: Corona            ||     1
       Confuse           ||     3
       Ensorcelled Hiber ||     1
  Use: Potion            ||     1
 Stab: Sleeping          ||     1
Armor: Robe              ||     1
Dodge: Dodged            ||    25
